 Seeded DCSS version 0.31-a0-339-gda1cbd555d (webtiles) character file.

Game seed: 14215367866634240820 (custom seed)

54530 innerfire43 the Peltast (level 14, -1/106 HPs)
             Began as a Demonspawn Monk on July 20, 2023.
             Was the Champion of Qazlal.
             Slain by an acid blob (27 damage)
             ... on level 4 of the Lair of Beasts.
             The game lasted 00:29:52 (14859 turns).

innerfire43 the Peltast (Demonspawn Monk)          Turns: 14859, Time: 00:29:52

Health: -1/106     AC: 26    Str: 17    XL:     14   Next: 34%
Magic:  21/21      EV:  2    Int: 11    God:    Qazlal [******]
Gold:   995        SH: 39    Dex: 19    Spells: 23/23 levels left

rFire   . . .        K - +5 broad axe (flame)
rCold   + . .        V - +3 tower shield of Inaction {rElec rC+}
rNeg    . . .        r - +13 crystal plate armour of the Centipede {rElec Will- rCorr}
rPois   +            R - +0 hat {Stlth+}
rElec   +            (no cloak)
rCorr   +            M - +0 pair of gloves
SInv    .            q - +0 pair of boots
Will    .....        P - amulet "Aggoclu" {Rampage Regen+ Dex+3} Stlth
                     z - +4 ring of protection
HPRegen 1.17/turn    e - ring of poison resistance
MPRegen 0.17/turn

%: repel missiles, rampage
@: corroded
A: horns 1, large bone plates 1, demonic guardian 3, icemail 2, condensation
shield, deformed body
a: Renounce Religion, Upheaval, Elemental Force, Disaster Area


You were on level 4 of the Lair of Beasts.
You worshipped Qazlal.
Qazlal was exalted by your worship.
You visited 5 branches of the dungeon, and saw 20 of its levels.

You collected 1779 gold pieces.
You spent 784 gold pieces at shops.

Inventory:

Hand Weapons
 K - a +5 broad axe of flaming (weapon)
 X - the +11 dire flail "Kyxtixt" {flame, rElec rPois rF+ Int-4}
   (You found it on level 4 of the Lair of Beasts)

   Int:       It affects your intelligence (-4).
   rF:        It protects you from fire.
   rElec:     It insulates you from electricity.
   rPois:     It protects you from poison.
Missiles
 h - 9 silver javelins (quivered)
 O - 10 boomerangs
 U - 5 throwing nets
Armour
 d - an orb of light
 q - a +0 pair of boots (worn)
 r - the +13 crystal plate armour of the Centipede (worn) {rElec Will- rCorr}
   (You acquired it on level 6 of the Dungeon)

   rElec:     It insulates you from electricity.
   rCorr:     It protects you from acid and corrosion.
   Will:      It decreases your willpower.
 M - a +0 pair of gloves (worn)
 R - a +0 hat of stealth (worn)
 V - the +3 tower shield of Inaction (worn) {rElec rC+}
   (You bought it in a shop on level 2 of the Orcish Mines)

   rC:        It protects you from cold.
   rElec:     It insulates you from electricity.
Jewellery
 e - a ring of poison resistance (right hand)
 v - a ring of resist corrosion
 z - a +4 ring of protection (left hand)
 H - a ring of flight
 P - the amulet "Aggoclu" (around neck) {Rampage Regen+ Dex+3}
   (You acquired it on level 11 of the Dungeon)

   [amulet of regeneration]

   Dex:       It affects your dexterity (+3).
   Regen:     It increases your rate of health regeneration.
   Rampage:   It bestows one free step when moving towards enemies.
Talismans
 G - a serpent talisman
 W - a talisman of death
Wands
 s - a wand of roots (19)
 t - a wand of polymorph (26)
 x - a wand of mindburst (17)
 D - a wand of paralysis (34)
 F - a wand of quicksilver (17)
 L - a wand of flame (35)
Scrolls
 f - 3 scrolls of fog
 i - 4 scrolls of enchant armour {unknown}
 k - a scroll of identify
 l - 2 scrolls of poison
 m - a scroll of enchant weapon
 n - a scroll of torment
 o - 4 scrolls of teleportation
 p - a scroll of immolation
 y - 2 scrolls of blinking
 A - a scroll of fear
 C - 2 scrolls of vulnerability
 S - a scroll of silence
Potions
 a - 2 potions of berserk rage
 b - a potion of attraction
 c - 3 potions of ambrosia
 g - 7 potions of curing
 j - 4 potions of might
 u - a potion of lignification
 w - 4 potions of heal wounds
 E - a potion of haste
 J - 3 potions of brilliance
 Q - a potion of invisibility
 Y - a potion of magic {unknown}
 Z - a potion of cancellation {unknown}
Miscellaneous
 B - a piece from Xom's chessboard (15/15)
 T - a lightning rod (4/4)


   Skills:
 - Level 8.3 Fighting
 + Level 11.2 Axes
 * Level 11.6 Armour
 - Level 3.0 Dodging
 * Level 15.0 Shields
 - Level 5.0 Spellcasting


You had 23 spell levels left.
You didn't know any spells.
Your spell library contained the following spells:

 Spells                   Type           Power      Damage    Failure   Level
 Apportation              Tloc           4%         N/A       100%        1
 Necrotise                Necr           8%         1d4       100%        1
 Sandblast                Erth           4%         2d4       100%        1
 Summon Small Mammal      Summ           8%         N/A       100%        1
 Passwall                 Tmut/Erth      1%         N/A       100%        2
 Sublimation of Blood     Necr           2%         N/A       100%        2
 Wereblood                Tmut           2%         N/A       100%        2
 Gell's Gravitas          Tloc           2%         N/A       100%        3
 Hailstorm                Conj/Ice       2%         3d3       100%        3
 Stone Arrow              Conj/Erth      4%         3d7       100%        3
 Teleport Other           Tloc           2%         N/A       100%        3
 Iskenderun's Mystic Bla  Conj/Tloc      2%         2d3       100%        4
 Petrify                  Tmut/Erth      2%         N/A       100%        4
 Summon Ice Beast         Ice/Summ       2%         N/A       100%        4
 Fireball                 Conj/Fire      1%         3d3       100%        5
 Irradiate                Conj/Tmut      1%         3d12      100%        5
 Iskenderun's Battlesphe  Conj           2%         2d6       100%        5
 Summon Mana Viper        Hex/Summ       2%         N/A       100%        5
 Conjure Ball Lightning   Conj/Air       1%         3x3d6     100%        6
 Dispersal                Tloc           1%         N/A       100%        6
 Simulacrum               Ice/Necr       1%         N/A       100%        6
 Summon Cactus Giant      Summ           1%         N/A       100%        6
 Orb of Destruction       Conj           1%         9d5       100%        7
 Summon Hydra             Summ           1%         N/A       100%        7


Dungeon Overview and Level Annotations

Branches:
Dungeon (12/15)            Temple (1/1) D:7            Lair (4/5) D:9
  Swamp (0/4) Lair:2        Snake (0/4) Lair:3        Slime (1/5) Lair:4
    Orc (2/2) D:9             Elf (0/3) Orc:2

Altars:
Ashenzari
Cheibriados
Dithmenos
Fedhas
Gozag
Hepliaklqana
Kikubaaqudgha
Makhleb
Nemelex Xobeh
Okawaru
Qazlal
Ru
Sif Muna
Trog
Uskayaw
Vehumet
Wu Jian
Xom
Yredelemnul

Shops:
D:4 [   D:5 *   D:7 *   D:9 !   Orc:2 [:*[[


Innate Abilities, Weirdness & Mutations

You have a pair of small horns on your head.
You are partially covered in large bone plates. (SH +4)
A powerful demonic guardian rushes to your aid.
A meltable icy envelope protects you from harm. (AC +8)
A meltable shield of frost defends you. (SH +4)
Armour fits poorly on your strangely shaped body.


Message History

The large slime creature hits you!!
You are too injured to fight recklessly!
Unknown command.
You block the acid blob's attack.
The slime creature hits your smoke demon!!
Your smoke demon dies!
Your smoke demon disappears in a puff of smoke!
You block the slime creature's attack. x3; A large slime creature splits.
You climb upwards.
Welcome back to the Lair of Beasts!
There is a staircase to the Slime Pits here.
You hit the slime creature but do no damage.
You headbutt the slime creature, but do no damage.
The slime creature is lightly wounded.
You slash the shining eye! You burn the shining eye.
You barely miss the slime creature. You slash the slime creature!
You burn the slime creature. You slash the acid blob! You burn the acid blob.
Your hands burn!
You hit the slime creature but do no damage.
The acid blob is engulfed in freezing vapours.
You block the acid blob's attack.
The acid blob is engulfed in freezing vapours.
You block the acid blob's attack. You block the slime creature's attack.
The slime creature is engulfed in freezing vapours.
The slime creature hits you!
* * * LOW HITPOINT WARNING * * *
You block the slime creature's attack.
The slime creature is engulfed in a thunderstorm.
The slime creature hits you but does no damage.
You slash the slime creature! You burn the slime creature.
You kill the slime creature!
Qazlal accepts your kill.
You hit the slime creature. You burn the slime creature.
You hit the slime creature but do no damage.
You hit the acid blob. You burn the acid blob.
Your hands burn!
* * * LOW HITPOINT WARNING * * *
You hit the slime creature but do no damage.
You hit the shining eye. You burn the shining eye.
The acid blob is engulfed in freezing vapours.
The acid blob hits you!!
You die...

~≈≈...................####
..##...#.....#........####
..≈.............S.....####
~≈≈.......###.#.#....##
≈≈≈.......###.###...P#
≈≈≈........<........##
≈≈≈.P.#.P.....#°##..#
≈≈≈............°JG..#
≈≈#.P.#.........@J..#
≈≈#.......)....J§J§.#
≈##...........○..§P.##
≈##..............P...#
≈≈###...##.##..##PP.##
≈≈##...#...#..####..#
~##.................#
≈≈#...^.............#
≈≈#.................#


You could see an acid blob, 3 slime creatures and a shining eye.

Vanquished Creatures
  An acid blob (Slime:1)
  Kirke (D:12)
  Gastronok (D:12)
  The ghost of lunkers the Black Belt, a journeyman MeSh of Makhleb (Lair:4)
  4 hydras
  Harold (Orc:1)
  4 two-headed ogres
  4 orc high priests (Orc:2)
  Urug (Lair:1)
  Nergalle (Orc:1)
  Amaemon (Lair:1)
  A swamp dragon (Lair:4)
  2 lindwurms (Lair:2)
  Pikel (D:7)
  An orc knight (Orc:1)
  An orc sorcerer (Orc:2)
  4 cyclopes
  2 black mambas
  3 elephants (Lair:4)
  A torpor snail (Lair:3)
  Maggie (D:7)
  2 gargoyles (D:12)
  An unseen horror (D:11)
  An orange demon (Lair:1)
  10 cane toads
  A rime drake (Lair:4)
  11 komodo dragons
  5 trolls
  A polar bear (Lair:2)
  2 hornets
  2 tyrant leeches (Lair:4)
  7 dream sheep (Lair:3)
  A blink frog (Lair:3)
  8 slime creatures
  49 yaks
  A shadow (D:10)
  3 wyverns
  3 hogs (D:12)
  4 basilisks
  2 steam dragons
  A warg (Orc:1)
  2 vampire mosquitoes (D:11)
  5 nagas (Lair:3)
  14 water moccasins
  8 swamp worms
  Duvessa (D:7)
  A swamp drake (Lair:4)
  22 orc warriors
  2 ice beasts
  2 sky beasts
  4 black bears
  4 ogres
  3 centaurs
  16 wolves
  3 kobold brigands
  A phantom (D:5)
  5 bullfrogs
  3 scorpions
  3 gnoll sergeants
  8 wights (D:7)
  Dowan (D:7)
  9 killer bees
  A howler monkey (D:9)
  5 hounds
  28 orc priests
  A gnoll bouda (Orc:2)
  3 iguanas
  Ijyb (D:4)
  Terence (D:3)
  27 orc wizards
  18 gnolls
  4 adders
  2 white imps
  2 worms
  2 dart slugs
  57 orcs
  10 ball pythons
  10 endoplasms
  7 giant cockroaches
  9 goblins
  6 hobgoblins
  6 jackals (D:1)
  15 kobolds
  8 quokkas
  5 bats
  5 frilled lizards
  4 rats
  A butterfly (Lair:2)
507 creatures vanquished.

Vanquished Creatures (collateral kills)
  A swamp dragon (Lair:4)
  2 lindwurms (Lair:2)
  A kobold demonologist (D:11)
  4 yaks
  A steam dragon (D:7)
  An electric eel (Lair:2)
  2 orcs (D:8)
  2 quokkas (D:4)
14 creatures vanquished.

Vanquished Creatures (others)
  An elephant (Lair:4)
1 creature vanquished.

Grand Total: 522 creatures vanquished

Notes
Turn   | Place    | Note
-------+----------+-------------------------------------------
     0 | D:1      | innerfire43 the Demonspawn Monk began the quest for the
                  | Orb.
     0 | D:1      | Reached XP level 1. HP: 18/18 MP: 1/1
    49 | D:1      | Gained mutation: A weak demonic guardian rushes to your
                  | aid. [demonic ancestry]
    49 | D:1      | Reached XP level 2. HP: 17/24 MP: 2/2
   457 | D:1      | You fall into a shaft and drop 1 floor!
   544 | D:1      | Reached XP level 3. HP: 27/29 MP: 3/3
  1351 | D:2      | Reached skill level 1 in Spellcasting
  1351 | D:2      | Gained mutation: A demonic guardian rushes to your aid.
                  | [demonic ancestry]
  1351 | D:2      | Reached XP level 4. HP: 24/35 MP: 5/5
  1717 | D:3      | Reached XP level 5. HP: 22/42 MP: 6/8
  1974 | D:3      | Noticed Terence
  1981 | D:3      | Killed Terence
  2534 | D:4      | Found Junwutirr's Armour Shoppe.
  2752 | D:4      | Noticed a black bear
  2761 | D:4      | Killed a black bear
  2762 | D:4      | Reached skill level 1 in Armour
  2762 | D:4      | Reached XP level 6. HP: 17/48 MP: 8/10
  3263 | D:4      | Noticed Ijyb
  3269 | D:4      | Killed Ijyb
  3564 | D:5      | Entered Level 5 of the Dungeon
  3574 | D:5      | Noticed a sky beast
  3582 | D:5      | Killed a sky beast
  3583 | D:5      | Gained mutation: A meltable shield of frost defends you.
                  | (SH +4) [demonic ancestry]
  3583 | D:5      | Reached XP level 7. HP: 55/55 MP: 12/12
  4289 | D:5      | Reached skill level 5 in Fighting
  4408 | D:5      | Found Ucuimn's Serpentskin Sales.
  4414 | D:5      | Reached skill level 5 in Axes
  4414 | D:5      | Reached skill level 5 in Spellcasting
  4414 | D:5      | Gained mutation: You are partially covered in large bone
                  | plates. (SH +4) [demonic ancestry]
  4414 | D:5      | Reached XP level 8. HP: 52/62 MP: 15/15
  4485 | D:6      | Identified a scroll of acquirement
  4485 | D:6      | Acquired the +13 crystal plate armour of the Centipede
                  | {rElec Will- rCorr}
  4695 | D:6      | Identified the +1 long sword "Demon's Foe" {pain, *Slow
                  | rPois Str-4 Int+5}
  4992 | D:7      | Noticed Pikel
  5013 | D:7      | Killed Pikel
  5075 | D:7      | Found a staircase to the Ecumenical Temple.
  5083 | D:7      | Noticed Dowan
  5083 | D:7      | Noticed Duvessa
  5098 | D:7      | Killed Duvessa
  5103 | D:7      | Killed Dowan
  5107 | Temple   | Entered the Ecumenical Temple
  5295 | Temple   | Became a worshipper of Qazlal Stormbringer
  5295 | Temple   | Reached * piety under Qazlal
  5295 | Temple   | Reached ** piety under Qazlal
  5330 | D:7      | Reached skill level 1 in Shields
  5331 | D:7      | Reached skill level 2 in Shields
  5331 | D:7      | Gained mutation: You have a pair of small horns on your
                  | head. [demonic ancestry]
  5331 | D:7      | Reached XP level 9. HP: 36/68 MP: 16/16
  5339 | D:7      | Reached skill level 3 in Shields
  5341 | D:7      | Reached skill level 4 in Shields
  5755 | D:7      | Reached skill level 5 in Shields
  5899 | D:7      | Found Jeemya's Assorted Antiques.
  5904 | D:7      | Bought a glowing broad axe for 217 gold pieces
  5947 | D:7      | Noticed Maggie
  5955 | D:7      | Killed Maggie
  6108 | D:7      | Reached skill level 6 in Shields
  6245 | D:8      | Gained mutation: A meltable icy envelope protects you from
                  | harm. (AC +8) [demonic ancestry]
  6245 | D:8      | Reached XP level 10. HP: 74/74 MP: 17/17
  6362 | D:8      | Reached *** piety under Qazlal
  6785 | D:9      | Found a sacrificial altar of Ru.
  6788 | D:9      | Found an ancient bone altar of Kikubaaqudgha.
  6788 | D:9      | Found a hide-covered altar of Uskayaw.
  6789 | D:9      | Found a sparkling altar of Nemelex Xobeh.
  6789 | D:9      | Found a basalt altar of Yredelemnul.
  6896 | D:9      | Found a staircase to the Lair.
  6967 | D:9      | Reached skill level 7 in Shields
  7121 | D:9      | Found Luocluk's Distillery.
  7168 | D:9      | Found a staircase to the Orcish Mines.
  7580 | D:10     | Entered Level 10 of the Dungeon
  7685 | D:10     | Noticed a two-headed ogre
  7694 | D:10     | Killed a two-headed ogre
  7695 | D:10     | Reached skill level 10 in Armour
  7695 | D:10     | Reached skill level 8 in Shields
  7785 | D:10     | Identified the +1 rapier of Havoc {holy, rPois rF- Dex+6
                  | Stlth+}
  8257 | D:11     | Noticed a cyclops
  8267 | D:11     | Killed a cyclops
  8268 | D:11     | Reached XP level 11. HP: 79/80 MP: 18/18
  8271 | D:11     | Noticed a two-headed ogre
  8274 | D:11     | Noticed a two-headed ogre
  8279 | D:11     | Killed a two-headed ogre
  8285 | D:11     | Killed a two-headed ogre
  8285 | D:11     | Reached **** piety under Qazlal
  8776 | D:11     | Acquired the amulet "Aggoclu" {Rampage Regen+ Dex+3}
  8790 | D:12     | Noticed a two-headed ogre
  8797 | D:12     | Killed a two-headed ogre
  8822 | D:12     | Noticed Gastronok
  8839 | D:12     | Killed Gastronok
  8840 | D:12     | Reached skill level 9 in Shields
  8947 | D:12     | Noticed Kirke
  8951 | D:12     | Noticed a lindwurm
  8959 | D:12     | Noticed a lindwurm
  8961 | D:12     | Killed Kirke
  9082 | Orc:1    | Entered Level 1 of the Orcish Mines
  9107 | Orc:1    | Reached XP level 12. HP: 92/92 MP: 19/19
  9135 | Orc:1    | Noticed Nergalle
  9151 | Orc:1    | Killed Nergalle
  9233 | Orc:1    | Noticed Harold
  9240 | Orc:1    | Reached skill level 10 in Shields
  9245 | Orc:1    | Reached ***** piety under Qazlal
  9255 | Orc:1    | Killed Harold
  9446 | Orc:2    | Entered Level 2 of the Orcish Mines
  9477 | Orc:2    | Found Xahass's Armour Emporium.
  9493 | Orc:2    | Bought the +3 tower shield of Inaction {rElec rC+} for 567
                  | gold pieces
  9514 | Orc:2    | Found a staircase to the Elven Halls.
  9550 | Orc:2    | Noticed an orc high priest
  9550 | Orc:2    | Noticed an orc high priest
  9556 | Orc:2    | Noticed an orc high priest
  9560 | Orc:2    | Killed an orc high priest
  9560 | Orc:2    | Noticed an orc high priest
  9562 | Orc:2    | Paralysed by an orc sorcerer for 4 turns
  9566 | Orc:2    | Killed an orc high priest
  9566 | Orc:2    | Killed an orc high priest
  9567 | Orc:2    | Reached skill level 11 in Shields
  9694 | Orc:2    | Killed an orc high priest
 10120 | Orc:2    | Found Nuireluss's Antique Armour Shoppe.
 10120 | Orc:2    | Found Temusuit's Assorted Antiques.
 10121 | Orc:2    | Found Suveologey's Book Emporium.
 10125 | Orc:2    | Found Zico's Armour Shoppe.
 10696 | Lair:1   | Entered Level 1 of the Lair of Beasts
 10763 | Lair:1   | Noticed Amaemon
 10774 | Lair:1   | Killed Amaemon
 10799 | Lair:1   | Reached ****** piety under Qazlal
 10932 | Lair:1   | Reached skill level 12 in Shields
 10963 | Lair:1   | Noticed Urug
 10970 | Lair:1   | Killed Urug
 10971 | Lair:1   | Gained mutation: A powerful demonic guardian rushes to your
                  | aid. [demonic ancestry]
 10971 | Lair:1   | Reached XP level 13. HP: 99/99 MP: 20/20
 11087 | Lair:1   | Found a gate leading to a gauntlet.
 11904 | Lair:2   | Reached skill level 13 in Shields
 12170 | Lair:2   | Reached skill level 10 in Axes
 12175 | Lair:2   | Got the Papyrus of Correspondence and Creation
 12537 | Lair:2   | Found a staircase to the Swamp.
 12876 | Lair:3   | Reached skill level 14 in Shields
 13270 | Lair:3   | Found a staircase to the Snake Pit.
 13753 | Lair:4   | Found a staircase to the Slime Pits.
 13754 | Lair:4   | Found a runed translucent door.
 13756 | Lair:4   | Noticed lunkers's ghost (journeyman MeSh)
 13779 | Lair:4   | Gained mutation: A meltable icy envelope protects you from
                  | harm. (AC +8) [demonic ancestry]
 13779 | Lair:4   | Reached XP level 14. HP: 90/106 MP: 21/21
 14097 | Lair:4   | Identified the +11 dire flail "Kyxtixt" {flame, rElec rPois
                  | rF+ Int-4}
 14661 | Lair:4   | Killed lunkers's ghost
 14835 | Slime:1  | Entered Level 1 of the Pits of Slime
 14839 | Slime:1  | Noticed an acid blob
 14841 | Slime:1  | Noticed an acid blob
 14851 | Slime:1  | Killed an acid blob
 14852 | Slime:1  | Reached skill level 15 in Shields
 14855 | Slime:1  | Gained mutation: Armour fits poorly on your strangely
                  | shaped body. [a shining eye]
 14859 | Lair:4   | Slain by an acid blob

Illustrated notes

Levels and vault maps discovered:
D:1:      dpeg_arrival_castle, layout_basic, serial_forest,
          infiniplex_forest_straight_2, infiniplex_forest_straight_3,
          infiniplex_forest_clump_double, infiniplex_forest_lined_1,
          infiniplex_forest_clump_small, infiniplex_forest_straight_2,
          infiniplex_forest_lined_3_way
D:2:      layout_rooms
D:3:      layout_basic, general_overflow_altar, uniq_terence
D:4:      minmay_chambers_of_fours, layout_loops_ring, gup_sewer_entry_pipe,
          serial_shops, shop, uniq_ijyb
D:5:      layout_basic, guppyfry_shop_venom
D:6:      layout_rooms
D:7:      layout_rooms, minmay_temple_entry_hall, serial_shops,
          nicolae_shop_overgrown_old_shop, uniq_pikel, uniq_maggie, uniq_duvessa
D:8:      layout_cave_pools
D:9:      layout_basic, grunt_temple_overflow_open, lair_entry_dummy,
          serial_shops, shop
D:10:     layout_rooms
D:11:     layout_rooms, hangedman_abyss_or_decor_slice
D:12:     layout_rooms, nicolae_twisting_strands, uniq_kirke, uniq_jorgrun,
          uniq_gastronok
Temple:   nicolae_temple_elliptical
Lair:1:   layout_cave_pods, gauntlet_entry_generic, uniq_urug, uniq_amaemon
Lair:2:   layout_cave_pods, palyth_hydra_swamp_entry, minmay_lindwurm_lava,
          lemuel_fruit_fields, serial_bayou_shore_b, infiniplex_staircase_pool
Lair:3:   layout_regular_city, minmay_snake_entry_guardpost_large,
          beast_lair_carwin_11, grunt_megastairs_5
Lair:4:   onia_ninara_swampy_vault, layout_long_grid, slime_entry_1,
          hellmonk_ghost_happy_afterlife
Slime:1:  layout_caves
Orc:1:    layout_caves, uniq_nergalle, uniq_harold
Orc:2:    st_orc_mages, layout_diamond_mine, serial_shops,
          nicolae_shop_rolling_square

Skill      XL: |  1  2  3  4  5  6  7  8  9 10 11 12 13 14 |
---------------+-------------------------------------------+-----
Axes           | 3 4 5 7 9 10 11 | 11.2
Dodging        | 3 |  3.0
Spellcasting   | 1 2 3 5 |  5.0
Fighting       | 4 5 7 8 |  8.3
Armour         | 1 2 7 8 10 11 | 11.6
Shields        | 2 6 8 9 12 14 15 | 15.0

Action                     |  1- 3 |  4- 6 |  7- 9 | 10-12 | 13-15 || total
---------------------------+-------+-------+-------+-------+-------++-------
  Melee: Hand axe          |    99 |    21 |       |       |       ||   120
         War axe           |       |   133 |   188 |       |       ||   321
         Broad axe         |       |       |    20 |   451 |   345 ||   816
         Headbutt          |       |       |    12 |    96 |    97 ||   205
         Unarmed           |       |       |     4 |     1 |       ||     5
  Throw: Javelin           |     3 |       |       |       |       ||     3
    Use: Scroll            |       |       |    11 |     9 |     7 ||    27
         Potion            |       |       |     1 |     1 |     1 ||     3
   Stab: Sleeping          |     1 |       |       |       |       ||     1
         Distracted        |       |       |     1 |     1 |     1 ||     3
 Armour: Robe              |    26 |    59 |    21 |       |       ||   106
         Crystal plate arm |       |       |   143 |   404 |   215 ||   762
  Dodge: Dodged            |    80 |   114 |    84 |    46 |    14 ||   338
         Repelled          |       |       |       |       |     1 ||     1
  Block: Orb               |       |       |    80 |       |       ||    80
         Buckler           |       |       |     4 |   396 |       ||   400
         Other             |       |       |     3 |       |       ||     3
         Tower shield      |       |       |       |   198 |   620 ||   818

Table legend: (Time is in decaauts)
 A = Elapsed time spent in this place.
 B = Non-inter-level travel time spent in this place.
 C = Inter-level travel time spent in this place.
 D = Time resting spent in this place.
 E = Time spent auto-exploring this place.
 F = Levels seen in this place.
 G = Mean time per level.
                   A        B        C        D        E       F      G
               +--------+--------+--------+--------+--------+-----+--------+
         Total |  15325 |  14065 |   1260 |      0 |  10716 |  20 |  766.2 |
       Dungeon |   9176 |   8708 |    468 |      0 |   6928 |  12 |  764.7 |
        Temple |    287 |    272 |     15 |      0 |    246 |   1 |  287.0 |
          Lair |   4302 |   3809 |    493 |      0 |   2799 |   4 | 1075.5 |
    Slime Pits |     25 |     25 |      0 |      0 |      0 |   1 |   25.0 |
  Orcish Mines |   1533 |   1249 |    284 |      0 |    742 |   2 |  766.5 |
               +--------+--------+--------+--------+--------+-----+--------+

Top non-repeatable levels by time:
  Lair:2: 1318 daAuts
  Lair:4: 1133 daAuts
     D:4: 1098 daAuts
   Orc:2: 1031 daAuts
  Lair:3: 1017 daAuts
     D:9: 990 daAuts
     D:1: 988 daAuts
     D:7: 963 daAuts
     D:5: 936 daAuts
     D:3: 925 daAuts
  Lair:1: 832 daAuts
    D:10: 680 daAuts
     D:2: 618 daAuts
    D:11: 594 daAuts
     D:8: 575 daAuts
